 Dungeon Crawl Stone Soup version 0.28.0-1-gb440e238dd (webtiles) character file.

Game seed: 2153451381464866948

1290 graymark the Thaumaturge (level 8, -1/41 HPs)
             Began as a Deep Elf Conjurer on Feb 22, 2022.
             Shot with an arrow by a centaur (7 damage)
             ... on level 5 of the Dungeon.
             The game lasted 00:19:07 (7805 turns).

graymark the Thaumaturge (Deep Elf Conjurer)        Turns: 7805, Time: 00:19:07

Health: -1/41      AC:  3    Str:  4    XL:     8   Next: 30%
Magic:  10/22      EV: 12    Int: 26    God:
Gold:   280        SH:  0    Dex: 13    Spells: 6/23 levels left

rFire   . . .      SeeInvis .   j - +2 dagger (venom)
rCold   . . .      Faith    .   (no shield)
rNeg    . . .      Spirit   .   a - +0 robe
rPois   .          Reflect  .   (no helmet)
rElec   .          Harm     .   w - +0 cloak
rCorr   .          Rampage  .   (no gloves)
Will    .....                   (no boots)
Stlth   ++........              (no amulet)
HPRegen 0.13/turn               (no ring)
MPRegen 0.18/turn               (no ring)

@: marked
A: no striking features
a: no special abilities


You were on level 5 of the Dungeon.
You visited 2 branches of the dungeon, and saw 6 of its levels.

You collected 280 gold pieces.

Inventory:

Hand Weapons
 b - a +3 vorpal dagger
 j - a +2 dagger of venom (weapon)
 t - a +0 dagger of draining
Armour
 a - a +0 robe (worn)
 w - a +0 cloak (worn)
Wands
 v - a wand of digging (8)
Scrolls
 c - a scroll of immolation
 f - a scroll of blinking {unknown}
 g - a scroll of enchant weapon {unknown}
 k - a scroll of identify {unknown}
 m - a scroll of teleportation {unknown}
 n - a scroll of fog {unknown}
 p - 2 scrolls of noise
 q - a scroll of magic mapping {unknown}
 u - a scroll of torment {unknown}
 y - a scroll of enchant armour {unknown}
Potions
 d - a potion of brilliance {unknown}
 e - 3 potions of curing {unknown}
 h - a potion of might {unknown}
 i - 2 potions of heal wounds {unknown}
 l - 2 potions of invisibility {unknown}
 o - a potion of lignification {unknown}
 r - a potion of berserk rage {unknown}
 s - a potion of haste
 x - a potion of resistance {unknown}


   Skills:
 - Level 2.4 Dodging
 - Level 2.4 Stealth
 * Level 8.0 Spellcasting
 * Level 7.6 Conjurations
 * Level 5.3 Hexes
 * Level 4.5 Translocations
 + Level 0.4 Air Magic


You had 6 spell levels left.
You knew the following spells:

 Your Spells              Type           Power      Damage    Failure   Level
a - Magic Dart            Conj           100%       1d8       1%          1
b - Searing Ray           Conj           98%        2d8       1%          2
c - Dazzling Flash        Conj/Hex       88%        N/A       1%          3
d - Fulminant Prism       Conj/Hex       22%        3d13      4%          4
e - Iskenderun's Mystic   Conj/Tloc      41%        2d9       4%          4
f - Swiftness             Air            12%        N/A       14%         3

Your spell library contained the following spells:

 Spells                   Type           Power      Damage    Failure   Level
 Shock                    Conj/Air       100%       1d9       1%          1
 Ensorcelled Hibernation  Hex/Ice        48%        N/A       2%          2
 Spider Form              Tmut/Pois      10%        N/A       17%         3
 Anguish                  Hex/Necr       12%        N/A       19%         4
 Airstrike                Air            6%         N/A       43%         4


Dungeon Overview and Level Annotations

Branches:
Dungeon (5/15)             Temple (1/1) D:5

Altars:
Ashenzari
Cheibriados
Dithmenos
Elyvilon
Fedhas
Gozag
Hepliaklqana
Kikubaaqudgha
Qazlal
Trog
Uskayaw
Wu Jian
Xom
Zin
The Shining One

Annotations:
D:4 exclusion: downstairs


Message History

The centaur shoots an arrow.
The arrow barely misses you.
Casting: Magic Dart (safe; 1% risk of failure)
Confirm with . or Enter, or press ? or * to list all spells.
You can't see any susceptible monsters within range! (Use Z to cast anyway.) Unknown command.
Casting: Magic Dart (safe; 1% risk of failure)
Confirm with . or Enter, or press ? or * to list all spells.
Aiming: Searing Ray (safe; 1% risk of failure)
Press: ? - help, Shift-Dir - straight line, f - hound
Aim: a hound (76% to hit)
The searing ray hits the hound!
The hound is severely wounded. (Press . to maintain the ray.)
The hound closely misses you.
Unknown command.
Casting: Searing Ray (safe; 1% risk of failure)
Confirm with . or Enter, or press ? or * to list all spells.
Restarting spell: Searing Ray (safe; 1% risk of failure)
Press: ? - help, Shift-Dir - straight line, f/p - hound
Aim: a hound (severely wounded, 76% to hit)
The searing ray hits the hound!
You kill the hound!
The searing ray hits the centaur!
The centaur is heavily wounded. (Press . to maintain the ray.)
The centaur shoots an arrow.
The arrow hits you!
* * * LOW HITPOINT WARNING * * *
Your Spellcasting skill increases to level 8!
Okay, then.
Casting: Searing Ray (safe; 1% risk of failure)
Confirm with . or Enter, or press ? or * to list all spells.
Restarting spell: Searing Ray (safe; 1% risk of failure)
Press: ? - help, Shift-Dir - straight line, f - centaur
Aim: a centaur, wielding a +0 shortbow and quivering arrows (heavily wounded, 90% to hit)
The searing ray hits the centaur!
The centaur is almost dead. (Press . to maintain the ray.)
The centaur shoots an arrow.
The arrow closely misses you.
The centaur shoots an arrow.
The arrow hits you!
You die...

.... ...c .... .... ....
.... .. .... .c ########
####'######### ........
.....c.@.....# ........
.............# ........
..)..........#
..############..P.P...#
..##....#.......≈≈≈♣.##
'###....#......≈≈≈.≈♣.#
..##....#......≈P.≈≈..#
........#......≈≈≈≈≈≈.#
........#.....♣≈≈≈≈≈≈.##


You could see a centaur.

Vanquished Creatures
  The ghost of yaddayadda the Magician, an amateur DsWz of Sif Muna (D:4)
  The ghost of Garym the Skirmisher, an amateur MiBe of Trog (D:4)
  A black bear (D:4)
  A centaur (D:5)
  3 scorpions
  A water moccasin zombie (D:5)
  A howler monkey (D:5)
  2 jellies
  2 hounds (D:5)
  Crazy Yiuf (D:4)
  An orc priest (D:3)
  Natasha (thrice) (D:3)
  An orc wizard (D:4)
  Terence (D:2)
  A killer bee zombie (D:5)
  A mummy (D:4)
  3 gnolls (D:3)
  6 adders
  A white imp (D:5)
  11 dart slugs
  13 orcs
  6 ball pythons
  7 endoplasms
  4 giant cockroaches
  8 goblins
  4 hobgoblins
  5 kobolds
  3 quokkas
  6 bats
  4 frilled lizards
  3 hobgoblin zombies (D:4)
  An orc zombie (D:4)
  7 rats
114 creatures vanquished.

Vanquished Creatures (others)
  2 fulminant prisms (D:4)
  3 fungi (D:4)
  6 plants (D:5)
11 creatures vanquished.

Grand Total: 125 creatures vanquished

Notes
Turn   | Place    | Note
-------+----------+-------------------------------------------
     0 | D:1      | graymark the Deep Elf Conjurer began the quest for the Orb.
     0 | D:1      | Reached XP level 1. HP: 10/10 MP: 6/6
   534 | D:1      | Reached XP level 2. HP: 15/15 MP: 5/8
   722 | D:1      | Learned a level 2 spell: Searing Ray
   881 | D:1      | Found a faded altar of an unknown god.
  1302 | D:2      | Reached skill level 4 in Spellcasting
  1365 | D:2      | Reached skill level 5 in Conjurations
  1365 | D:2      | Reached XP level 3. HP: 19/19 MP: 7/10
  1644 | D:2      | Noticed Terence
  1668 | D:2      | Killed Terence
  1669 | D:2      | Reached XP level 4. HP: 24/24 MP: 4/12
  2058 | D:3      | Reached skill level 5 in Spellcasting
  2316 | D:3      | Reached XP level 5. HP: 28/28 MP: 11/14
  2693 | D:2      | Learned a level 3 spell: Dazzling Flash
  2698 | D:2      | Learned a level 4 spell: Fulminant Prism
  2703 | D:2      | Learned a level 4 spell: Iskenderun's Mystic Blast
  3091 | D:3      | Found a faded altar of an unknown god.
  3096 | D:3      | Found a broken altar of Ashenzari.
  3140 | D:3      | Noticed Natasha
  3144 | D:3      | Killed Natasha
  3145 | D:3      | Reached skill level 1 in Hexes
  3145 | D:3      | Reached skill level 1 in Translocations
  3900 | D:3      | Noticed Natasha
  3904 | D:3      | Killed Natasha
  3905 | D:3      | Reached skill level 6 in Spellcasting
  3905 | D:3      | Reached XP level 6. HP: 32/32 MP: 12/17
  3950 | D:3      | Noticed Natasha
  3953 | D:3      | Killed Natasha
  4487 | D:4      | Found a runed translucent gate.
  4488 | D:4      | Found a runed translucent gate.
  4488 | D:4      | Found a runed translucent gate.
  4492 | D:4      | Noticed Garym's ghost (amateur MiBe)
  4492 | D:4      | Noticed yaddayadda's ghost (amateur DsWz)
  4749 | D:4      | Found a hazy altar of Hepliaklqana.
  4749 | D:4      | Found an ornate altar of the Wu Jian Council.
  4754 | D:4      | Found a hide-covered altar of Uskayaw.
  4868 | D:4      | Reached XP level 7. HP: 18/36 MP: 13/18
  5258 | D:4      | Found a blossoming altar of Fedhas.
  5267 | D:4      | Found a shadowy altar of Dithmenos.
  5863 | D:4      | Killed Garym's ghost
  5864 | D:4      | Reached skill level 7 in Spellcasting
  6114 | D:4      | Killed yaddayadda's ghost
  6343 | D:4      | Found a runed translucent door.
  6344 | D:4      | Noticed Crazy Yiuf
  6354 | D:4      | Killed Crazy Yiuf
  6575 | D:5      | Entered Level 5 of the Dungeon
  6757 | D:5      | Reached XP level 8. HP: 32/41 MP: 14/21
  7058 | D:5      | Reached skill level 5 in Hexes
  7178 | D:5      | Found a staircase to the Ecumenical Temple.
  7267 | Temple   | Entered the Ecumenical Temple
  7553 | D:5      | Learned a level 3 spell: Swiftness
  7805 | D:5      | Reached skill level 8 in Spellcasting
  7805 | D:5      | Shot with an arrow by a centaur

Illustrated notes

Levels and vault maps discovered:
D:1:      kennysheep_arrival_forest, layout_basic,
          hellmonk_ecumenical_altar_blasted
D:2:      layout_rooms, minmay_strange_pillars, uniq_terence
D:3:      kennysheep_slugbush, layout_basic, nicolae_overflow_ecumenical_swirl,
          uniq_natasha
D:4:      layout_loops_cross, nicolae_overflow_hidden_temple,
          gammafunk_ghost_cemetery, chequers_garden, minmay_mini_ossuary,
          uniq_crazy_yiuf_cottage
D:5:      layout_gridville, minmay_temple_entry_stoned_glass, serial_bayou,
          serial_bayou_lagoon_a, serial_bayou_shore_b, serial_bayou_ford_a,
          serial_bayou_pond_b
Temple:   jpeg_temple_island

Skill      XL: |  1  2  3  4  5  6  7  8 |
---------------+-------------------------+-----
Spellcasting   | 4 5 6 7 8 |  8.0
Conjurations   | 5 6 7 |  7.6
Hexes          | 1 3 4 5 |  5.3
Translocations | 1 2 4 |  4.5
Dodging        | |  2.4
Stealth        | |  2.4
Air Magic      | |  0.4

Action                   |  1- 3 |  4- 6 |  7- 9 || total
-------------------------+-------+-------+-------++-------
Melee: Dagger            |       |    18 |     5 ||    23
 Cast: Magic Dart        |    80 |   138 |    48 ||   266
       Searing Ray       |       |    18 |    38 ||    56
       Fulminant Prism   |       |       |     2 ||     2
  Use: Scroll            |       |     1 |     1 ||     2
 Stab: Sleeping          |       |     1 |     1 ||     2
Armor: Robe              |       |     7 |     3 ||    10
Dodge: Dodged            |     2 |    24 |    18 ||    44
